 Dungeon Crawl Stone Soup version 0.30-a0-852-g08b95dd62f (webtiles) character file.

Game seed: 16240711202021531257

14 jimonade the Magician (level 2, -2/23 HPs)
             Began as a Djinni Warper on Mar 5, 2023.
             Slain by a gnoll
             ... wielding a +0 spear
              (6 damage)
             ... on level 1 of the Dungeon.
             The game lasted 00:01:03 (487 turns).

jimonade the Magician (Djinni Warper)                Turns: 487, Time: 00:01:03

Health: -2/23      AC:  3    Str: 10    XL:     2   Next: 55%
Gold:   21         EV: 11    Int: 14    God:
                   SH:  0    Dex: 12

rFire   + + .      SeeInvis .    a - +0 short sword
rCold   x . .      Faith    .    (no shield)
rNeg    . . .      Spirit   .    b - +0 leather armour
rPois   ∞          Reflect  .    (no helmet)
rElec   .          Rampage  .    (no cloak)
rCorr   .                        (no gloves)
Will    .....                    (boots unavailable)
Stlth   +                        (no amulet)
HPRegen 0.23/turn                (no ring)
MPRegen 0.00/turn                (no ring)

@: flying
A: sickness immunity, fire resistance 2, cold vulnerability 1, float, innate
caster, HP casting, extra vitality 1
a: no special abilities


You were on level 1 of the Dungeon.
You visited 1 branch of the dungeon, and saw 1 of its levels.

You collected 21 gold pieces.

Inventory:

Hand Weapons
 a - a +0 short sword (weapon)
Missiles
 d - 7 boomerangs of dispersal (quivered)
 h - 3 boomerangs
Armour
 b - a +0 leather armour (worn)
 i - a +0 ring mail
Scrolls
 c - a scroll of blinking
Potions
 e - a potion of haste {unknown}
 f - a potion of might {unknown}
 g - a potion of brilliance {unknown}


   Skills:
 + Level 2.0 Fighting
 + Level 1.7 Short Blades
 + Level 0.7 Throwing
 + Level 1.2 Armour
 + Level 2.2 Dodging
 * Level 2.9 Spellcasting


You knew the following spells:

 Your Spells              Type           Power      Damage    Failure   Level
a - Blink                 Tloc           20%        N/A       13%         2
b - Lesser Beckoning      Tloc           20%        N/A       13%         2
c - Vhi's Electric Charg  Tloc/Air       20%        N/A       26%         3
d - Teleport Other        Tloc           10%        N/A       26%         3
e - Manifold Assault      Tloc           10%        N/A       65%         4
Your spell library was empty.

Dungeon Overview and Level Annotations

Branches:
Dungeon (1/15)

Altars:


Innate Abilities, Weirdness & Mutations

You are immune to sickness and miasma.
You are immune to poison.
Your flesh is very heat resistant. (rF++)
You are vulnerable to cold. (rC-)
You float through the air rather than walking.
You learn spells naturally, not from books.
Your magical power is your life essence.
You have superior vitality. (+4 MHP)


Message History

No target in view!
No target in view!
A goblin comes into view. It is wielding a +0 dagger.
Found a trident.
The goblin shouts!
A goblin is nearby!
A gnoll comes into view. It is wielding a +0 spear.
The gnoll shouts!
Found a glowing robe.
The goblin hits you with a +0 dagger. The goblin attacks as you move away!
The goblin hits you but does no damage. The goblin attacks as you move away!
The goblin hits you but does no damage.
You closely miss the goblin. The goblin hits you with a +0 dagger.
You hit the goblin but do no damage. Your punch misses the goblin.
The goblin barely misses you.
The gnoll hits you from afar with a +0 spear.
You hit the goblin.
The goblin is moderately wounded.
You closely miss the goblin.
The goblin is moderately wounded.
The gnoll barely misses you. The goblin barely misses you.
You closely miss the goblin.
The goblin is moderately wounded.
The goblin hits you but does no damage.
The gnoll hits you from afar with a +0 spear.
You hit the goblin.
The goblin is heavily wounded.
The goblin misses you.
The gnoll hits you from afar with a +0 spear.
You barely miss the goblin.
The goblin is heavily wounded.
The gnoll closely misses you. The goblin closely misses you.
You barely miss the goblin.
The goblin is heavily wounded.
The goblin hits you with a +0 dagger.
The gnoll hits you from afar with a +0 spear.
* * * LOW HITPOINT WARNING * * *
You closely miss the goblin.
The goblin is heavily wounded.
The gnoll hits you from afar with a +0 spear.
You die...

#.......#.# #.###.[..#
#.....).#.#####.###....#
#.............#.#.......
#.....#.........#......#
#.............#.#.......
#...###.#######.#.....#.
#
...............#####.#.
#..###.####.######.#
#..) #.......gg@.# #.#
##.. # #...##.#######
#.#######.
#.##.###........
#.#.......
#)........#..##.
#.#.###### .#..........#
#.# # #.8.....8..# .# #
#.........## #
#...........# .
#.......>...# #


You could see a gnoll and a goblin.

Vanquished Creatures
  2 endoplasms (D:1)
  3 goblins (D:1)
  A hobgoblin (D:1)
  2 quokkas (D:1)
  2 bats (D:1)
  A kobold (D:1)
  A rat (D:1)
12 creatures vanquished.

Notes
Turn   | Place    | Note
-------+----------+-------------------------------------------
     0 | D:1      | jimonade the Djinni Warper began the quest for the Orb.
     0 | D:1      | jimonade set off with the following spells memorised:
                  | Blink, Lesser Beckoning, Vhi's Electric Charge, Teleport
                  | Other, Manifold Assault.
     0 | D:1      | Reached XP level 1. HP: 18/18 MP: 0/0
   267 | D:1      | Reached XP level 2. HP: 20/23 MP: 0/0
   487 | D:1      | Slain by a gnoll

Illustrated notes

Levels and vault maps discovered:
D:1:      lightli_arrival_maybe_door_vault, layout_basic,
          hellmonk_ecumenical_altar_prayer_group, st_stairs_1

Action                     || total
---------------------------++-------
  Melee: Short sword       ||    52
 Armour: Leather armour    ||    11
  Dodge: Dodged            ||    25

Table legend: (Time is in decaauts)
 A = Elapsed time spent in this place.
 B = Non-inter-level travel time spent in this place.
 C = Inter-level travel time spent in this place.
 D = Time resting spent in this place.
 E = Time spent auto-exploring this place.
 F = Levels seen in this place.
 G = Mean time per level.
                   A        B        C        D        E       F      G
               +--------+--------+--------+--------+--------+-----+--------+
         Total |    482 |    482 |      0 |      0 |    357 |   1 |  482.0 |
       Dungeon |    482 |    482 |      0 |      0 |    357 |   1 |  482.0 |
               +--------+--------+--------+--------+--------+-----+--------+

Top non-repeatable levels by time:
     D:1: 482 daAuts
